 Dungeon Crawl Stone Soup version 0.29.1-4-g47bece8355 (webtiles) character file.

Game seed: 3826026877100019463

1775 RKaid the Gusty (level 9, -2/59 (60) HPs)
             Began as an Octopode Air Elementalist on Dec 3, 2022.
             Was an Initiate of Gozag.
             Succumbed to a killer bee's poison
             ... on level 7 of the Dungeon.
             The game lasted 00:22:24 (8641 turns).

RKaid the Gusty (Octopode Air Elementalist)         Turns: 8641, Time: 00:22:25

HP:   -2/59 (60)    AC:  1    Str:  7    XL:     9   Next: 8%
MP:   1/16          EV: 13    Int: 22    God:    Gozag
Gold: 488           SH:  0    Dex: 12    Spells: 13/18 levels left

rFire   . . .      SeeInvis .   b - +3 hammer (protect)
rCold   . . .      Faith    .   (no shield)
rNeg    . . .      Spirit   .   (helmet restricted)
rPois   .          Reflect  .   (no amulet)
rElec   .          Harm     .   (no ring)
rCorr   .          Rampage  .   (no ring)
Will    .....                   (no ring)
Stlth   +++.......              (no ring)
HPRegen 0.19/turn               (no ring)
MPRegen 0.15/turn               (no ring)
                                (no ring)
                                (no ring)

@: lethally poisoned (-2 -> -15), gold aura, lightly drained
A: almost no armour, amphibious, 8 rings, camouflage 1, gelatinous body 1,
(nimble swimmer 1), tentacles
a: Renounce Religion, Potion Petition, Call Merchant, Bribe Branch


You were on level 7 of the Dungeon.
You worshipped Gozag.
Gozag was aware of your devotion.
You visited 1 branch of the dungeon, and saw 7 of its levels.

You collected 555 gold pieces.
You paid 67 gold pieces to Gozag.

Inventory:

Hand Weapons
 a - a +2 dagger of venom
   (You took it off a goblin on level 2 of the Dungeon)
 b - a +3 hammer of protection (weapon)
   (You found it on level 3 of the Dungeon)
 v - a +5 spear of freezing
   (You took it off a wight on level 7 of the Dungeon)
 w - a +2 dagger of flaming
   (You took it off an orc wizard on level 3 of the Dungeon)
Missiles
 d - 4 poisoned darts (quivered)
 f - a throwing net {=f}
Jewellery
 j - a ring of ice {rC+, rF-}
   (You found it on level 1 of the Dungeon)
Wands
 x - a wand of flame (14)
   (You took it off Natasha on level 3 of the Dungeon)
Scrolls
 e - 2 scrolls of fog
 h - a scroll of enchant weapon
 i - 2 scrolls of identify
 k - a scroll of vulnerability {!r!r}
 l - a scroll of blinking {!r}
 p - a scroll of silence
 q - 4 scrolls of summoning
 t - 3 scrolls of teleportation
 u - 2 scrolls of torment {!r}
 y - a scroll of amnesia
 A - a scroll of immolation {unknown}
 C - 3 scrolls of magic mapping {unknown}
Potions
 c - 5 potions of might {unknown}
 g - a potion of attraction {unknown}
 m - 2 potions of berserk rage {unknown}
 n - a potion of lignification {unknown}
 o - a potion of invisibility {unknown}
 r - 2 potions of magic
 s - a potion of brilliance {unknown}
 z - 2 potions of flight
 B - a potion of resistance {unknown}
 D - a potion of heal wounds {unknown}


   Skills:
 + Level 4.8 Fighting
 - Level 2.0 Dodging
 - Level 2.7 Stealth
 + Level 5.0 Spellcasting
 - Level 4.1 Conjurations
 + Level 2.6 Necromancy
 + Level 7.2 Air Magic
 + Level 2.5 Earth Magic


You had 13 spell levels left.
You knew the following spells:

 Your Spells              Type           Power      Damage    Failure   Level
a - Shock                 Conj/Air       100%       1d9       1%          1
b - Airstrike             Air            18%        2d(3-19)  5%          4

Your spell library contained the following spells:

 Spells                   Type           Power      Damage    Failure   Level
 Static Discharge         Conj/Air       30%        3-7/arc   1%          2
 Swiftness                Air            37%        N/A       1%          3
 Poisonous Vapours        Pois/Air       42%        N/A       3%          2
 Beastly Appendage        Tmut           10%        N/A       10%         1
 Sting                    Tmut/Pois      20%        1d4       10%         1
 Summon Small Mammal      Summ           20%        N/A       10%         1
 Wereblood                Tmut           5%         N/A       16%         2
 Call Canine Familiar     Summ           5%         N/A       30%         3
 Gell's Gravitas          Tloc           5%         N/A       30%         3
 Lesser Beckoning         Tloc           5%         N/A       30%         3
 Spider Form              Tmut/Pois      5%         N/A       30%         3
 Summon Guardian Golem    Hex/Summ       5%         N/A       30%         3
 Teleport Other           Tloc           5%         N/A       30%         3
 Olgreb's Toxic Radiance  Pois           5%         N/A       69%         4
 Borgnjor's Vile Clutch   Necr/Erth      8%         N/A       69%         5
 Alistair's Intoxication  Tmut/Pois      3%         N/A       95%         5
 Eringya's Noxious Bog    Tmut/Pois      2%         N/A       100%        6


Dungeon Overview and Level Annotations

Branches:
Dungeon (7/15)
 Temple: D:4-7

Altars:
Gozag
Hepliaklqana
Kikubaaqudgha
Qazlal
Ru
Xom
Yredelemnul
Zin

Shops:
D:4 (   D:6 *

Annotations:
D:3 1 runed translucent door, Crazy Yiuf
D:5 exclusion: 3 yaks, Eustachio, Grinder
D:7 1 runed translucent door


Innate Abilities, Weirdness & Mutations

You cannot wear most types of armour.
You are amphibious.
You can wear up to eight rings at the same time.
Your skin changes colour to match your surroundings (Stealth+).
Your rubbery body absorbs attacks. (AC +1, EV +1)
((You are camouflaged when in or above water. (Stealth+)))
You have tentacles for arms and can constrict up to eight enemies at once.


Message History

You can't see any susceptible monsters within range! (Use Z to cast anyway.)
Casting: Shock (safe; 1% risk of failure)
Confirm with . or Enter, or press ? or * to list all spells.
You can't see any susceptible monsters within range! (Use Z to cast anyway.)
You now have 461 gold pieces (gained 6).
You now have 488 gold pieces (gained 27).
You start waiting.
Done waiting. 3 killer bees come into view.
The killer bee buzzes angrily. x2
A killer bee comes into view.
The killer bee buzzes angrily. x2
You see here a ring of flight {+Fly}.
Casting: Shock (safe; 1% risk of failure)
Confirm with . or Enter, or press ? or * to list all spells.
Aiming: Shock (safe; 1% risk of failure)
Press: ? - help, Shift-Dir - straight line, f - killer bee
Aim: a killer bee (48% to hit)
The zap hits the killer bee but does no damage.
The zap misses the killer bee.
The zap hits the killer bee!
The zap hits the killer bee.
The killer bee stings you.
Casting: Shock (safe; 1% risk of failure)
Confirm with . or Enter, or press ? or * to list all spells.
Aiming: Shock (safe; 1% risk of failure)
Press: ? - help, Shift-Dir - straight line, f/p - killer bee
Aim: a killer bee (48% to hit)
The zap misses the killer bee. x2; The zap hits the killer bee!
The zap hits the killer bee.
The killer bee stings you. The killer bee stings you!
The killer bee stings you.
The killer bee attacks as you move away!
The killer bee barely misses you. x2
Casting: Shock (safe; 1% risk of failure)
Confirm with . or Enter, or press ? or * to list all spells.
Aiming: Shock (safe; 1% risk of failure)
Press: ? - help, Shift-Dir - straight line, p - killer bee The zap misses the killer bee.
The zap hits the killer bee.
The zap misses the killer bee.
The killer bee closely misses you. The killer bee barely misses you.
The killer bee stings you.
Casting: Shock (safe; 1% risk of failure)
Confirm with . or Enter, or press ? or * to list all spells.
Aiming: Shock (safe; 1% risk of failure)
Press: ? - help, Shift-Dir - straight line, f - killer bee
Aim: a killer bee (moderately wounded, 48% to hit)
The zap hits the killer bee.
The zap misses the killer bee.
The zap hits the killer bee.
The killer bee barely misses you. The killer bee closely misses you.
Casting: Shock (safe; 1% risk of failure)
Confirm with . or Enter, or press ? or * to list all spells.
Aiming: Shock (safe; 1% risk of failure)
Press: ? - help, Shift-Dir - straight line, f/p - killer bee
Aim: a killer bee (moderately wounded, 48% to hit)
The zap hits the killer bee.
The zap hits the killer bee!
You kill the killer bee!
The zap misses the killer bee.
The killer bee misses you. The killer bee closely misses you.
You have reached level 9!
Your experience leads to an increase in your attributes!
Increase (s)trength, (i)ntelligence, or (d)exterity?
You feel clever. x2
Casting: Shock (safe; 1% risk of failure)
Confirm with . or Enter, or press ? or * to list all spells.
Aiming: Shock (safe; 1% risk of failure)
Press: ? - help, Shift-Dir - straight line, f/p - killer bee
Aim: a killer bee (moderately wounded, 48% to hit)
The zap hits the killer bee! x2
You kill the killer bee!
The zap misses the killer bee.
The killer bee misses you. The killer bee stings you!
Casting: Shock (safe; 1% risk of failure)
Confirm with . or Enter, or press ? or * to list all spells.
Aiming: Shock (safe; 1% risk of failure)
Press: ? - help, Shift-Dir - straight line, f/p - killer bee
Aim: a killer bee (moderately wounded, 48% to hit)
The zap hits the killer bee.
You kill the killer bee!
The zap misses the killer bee.
The killer bee stings you!
* * * LOW HITPOINT WARNING * * *
You are poisoned.
The killer bee poisons you!
Your Spellcasting skill increases to level 5!
Casting: Shock (safe; 1% risk of failure)
Confirm with . or Enter, or press ? or * to list all spells.
Aiming: Airstrike (dangerous; 5% risk of failure)
Press: ? - help, Dir - move target, f/p - killer bee
Aim: a killer bee (moderately wounded, empty space bonus: 1/8)
The air twists around and strikes the killer bee.
You feel sick. The killer bee barely misses you. The killer bee stings you!
* * * LOW HITPOINT WARNING * * *
You are more poisoned.
The killer bee poisons you!
Casting: Airstrike (dangerous; 5% risk of failure)
Confirm with . or Enter, or press ? or * to list all spells.
Aiming: Airstrike (dangerous; 5% risk of failure)
Press: ? - help, Dir - move target, f/p - killer bee
Aim: a killer bee (heavily wounded, empty space bonus: 1/8)
The air twists around and strikes the killer bee.
You die...
Your body crumbles into a pile of gold.

#..## #$# ...#
#.. #._.#
#.###...####
#...#####..#
#..........#
#<...#+#...#
####....#p#...#
.........###...#
#####....@y$...#
#.#.####=..#
#.#.# #...#
....# #y###
.....# #.#
###...# #.# ##..
#.# #.# #.#


You could see a killer bee and a neutral human (wandering).

Vanquished Creatures
  A hornet (D:6)
  A water moccasin (D:6)
  2 sky beasts (D:6)
  An ogre (D:5)
  A centaur (D:7)
  A phantom (D:4)
  3 wights (D:7)
  3 killer bees (D:7)
  2 howler monkeys (D:6)
  2 jellies
  3 hounds
  5 iguanas
  An orc wizard (D:3)
  Natasha (thrice) (D:3)
  The ghost of Sikaos the Chiller, a weakling HuIE (D:3)
  9 adders
  A shadow imp (D:5)
  2 ufetubi (D:6)
  4 worms
  2 dart slugs
  11 orcs (D:3)
  5 bats
  6 endoplasms
  2 giant cockroaches
  7 hobgoblins
  4 jackals (D:2)
  3 quokkas
  3 ball pythons
  3 frilled lizards (D:1)
  A goblin (D:2)
  A jackal skeleton (D:7)
  6 kobolds
  A kobold zombie (D:7)
  6 rats
107 creatures vanquished.

Vanquished Creatures (collateral kills)
  A bullfrog (D:6)
  A scorpion (D:6)
2 creatures vanquished.

Grand Total: 109 creatures vanquished

Notes
Turn   | Place    | Note
-------+----------+-------------------------------------------
     0 | D:1      | RKaid the Octopode Air Elementalist began the quest for the
                  | Orb.
     0 | D:1      | Reached XP level 1. HP: 11/11 MP: 3/3
   422 | D:1      | Reached XP level 2. HP: 14/18 MP: 0/5
   574 | D:1      | Found a faded altar of an unknown god.
  1701 | D:2      | Reached XP level 3. HP: 22/22 MP: 4/6
  1843 | D:2      | Reached skill level 1 in Fighting
  1908 | D:2      | You fall into a shaft and drop 1 floor!
  2194 | D:2      | Reached XP level 4. HP: 28/28 MP: 1/7
  2469 | D:2      | Reached skill level 2 in Conjurations
  2469 | D:2      | Reached skill level 4 in Air Magic
  2866 | D:3      | Found a large runed translucent door.
  2866 | D:3      | Found a large runed translucent door.
  2868 | D:3      | Noticed Sikaos's ghost (weakling HuIE)
  3326 | D:3      | Found a runed translucent door.
  3327 | D:3      | Noticed Crazy Yiuf
  3518 | D:3      | Reached XP level 5. HP: 34/34 MP: 0/9
  3800 | D:3      | Noticed Natasha
  3804 | D:3      | Killed Natasha
  3821 | D:3      | Reached skill level 2 in Fighting
  3960 | D:3      | Noticed Natasha
  3964 | D:3      | Killed Natasha
  3999 | D:3      | Noticed Natasha
  4008 | D:3      | Killed Natasha
  4009 | D:3      | Reached skill level 3 in Spellcasting
  4009 | D:3      | Reached XP level 6. HP: 24/39 MP: 2/10
  4219 | D:3      | Killed Sikaos's ghost
  4473 | D:4      | Found Plog's Antique Weapon Emporium.
  4529 | D:4      | Reached skill level 5 in Air Magic
  4879 | D:4      | Reached skill level 3 in Conjurations
  5346 | D:5      | Entered Level 5 of the Dungeon
  5358 | D:5      | Found a hazy altar of Hepliaklqana.
  5359 | D:5      | Found a shimmering altar of Xom.
  5360 | D:5      | Noticed a spectral ugly thing
  5473 | D:5      | Noticed Grinder
  5512 | D:5      | Reached XP level 7. HP: 45/45 MP: 5/12
  5583 | D:5      | Reached skill level 3 in Fighting
  5725 | D:5      | Noticed a yak
  5725 | D:5      | Noticed a yak
  5729 | D:5      | Noticed Eustachio
  5831 | D:5      | Found an ancient bone altar of Kikubaaqudgha.
  5832 | D:5      | Found a sacrificial altar of Ru.
  5898 | D:5      | Found an opulent altar of Gozag.
  5906 | D:5      | Became a worshipper of Gozag Ym Sagoz the Greedy
  6023 | D:5      | Found a glowing silver altar of Zin.
  6048 | D:5      | Noticed a yak
  6300 | D:5      | Learned a level 4 spell: Airstrike
  6744 | D:6      | Found Fefonk Yssi's General Store.
  6752 | D:6      | Reached skill level 6 in Air Magic
  6825 | D:6      | Reached skill level 4 in Spellcasting
  6825 | D:6      | Reached XP level 8. HP: 53/53 MP: 12/14
  6886 | D:6      | Reached skill level 4 in Conjurations
  7024 | D:6      | Found a stormy altar of Qazlal.
  7039 | D:6      | HP: 13/54 [something (5)]
  7372 | D:6      | Noticed a hornet
  7443 | D:6      | Reached skill level 4 in Fighting
  7534 | D:6      | Reached skill level 1 in Necromancy
  7537 | D:6      | Paralysed by a hornet for 1 turns
  7540 | D:6      | Killed a hornet
  7540 | D:6      | HP: 13/54 [poisoned by a hornet]
  7541 | D:6      | Reached skill level 1 in Earth Magic
  7978 | D:7      | Found a runed translucent door.
  7983 | D:7      | Reached skill level 7 in Air Magic
  7987 | D:7      | Reached skill level 2 in Necromancy
  8149 | D:7      | Reached skill level 2 in Earth Magic
  8222 | D:7      | HP: 10/48 [wight/+4 hand axe (7)]
  8515 | D:7      | Found a basalt altar of Yredelemnul.
  8638 | D:7      | Reached XP level 9. HP: 28/55 MP: 11/16
  8639 | D:7      | HP: 11/57 [killer bee (9)]
  8640 | D:7      | Reached skill level 5 in Spellcasting
  8640 | D:7      | HP: 1/59 [killer bee (8)]
  8641 | D:7      | Succumbed to a killer bee's poison

Illustrated notes

Levels and vault maps discovered:
D:1:      sevenhm_arrival_forest_fort_large_4, layout_basic,
          shapermc_ecumenical_altar_starsandcircs
D:2:      layout_rooms, chequers_serial_rivers_small_b
D:3:      layout_loops_ring, ebering_ghost_disaster_area,
          dreamdust_princess_bridge, nicolae_kite_square_tiling_tiny,
          feat_on_display, uniq_natasha, uniq_crazy_yiuf_cottage
D:4:      layout_basic, serial_shops, kennysheep_mini_moat
D:5:      layout_cave_pods, pdpol_temple_overflow_zin_treasury_gozag_greed,
          regret_index_temple_of_mockery,
          chequers_temple_overflow_statue_of_worship,
          minmay_temple_entry_statues_pillars, uniq_eustachio, uniq_grinder
D:6:      layout_gridville, marbit_many_paths, serial_shops, shop_coins
D:7:      layout_loops_ring, dk_yredelemnul_ordeal

Skill      XL: |  1  2  3  4  5  6  7  8  9 |
---------------+----------------------------+-----
Fighting       | 1 2 3 4 |  4.8
Conjurations   | 2 3 4 |  4.1
Air Magic      | 4 5 6 7 |  7.2
Spellcasting   | 3 4 5 |  5.0
Necromancy     | 2 |  2.6
Earth Magic    | 2 |  2.5
Dodging        | |  2.0
Stealth        | |  2.7

Action                   |  1- 3 |  4- 6 |  7- 9 || total
-------------------------+-------+-------+-------++-------
Melee: Unarmed           |     6 |       |       ||     6
       Constrict         |     6 |     3 |     3 ||    12
       Tentacles         |     5 |     4 |     1 ||    10
       Spear             |    12 |     1 |       ||    13
       Dagger            |       |     1 |       ||     1
       Mace              |       |    11 |    17 ||    28
 Cast: Shock             |    73 |   125 |    84 ||   282
       Airstrike         |       |       |    15 ||    15
Evoke: Wand              |       |       |     1 ||     1
  Use: Scroll            |       |     6 |     6 ||    12
       Potion            |       |       |     1 ||     1
Armor: Skin              |     2 |     2 |     6 ||    10
Dodge: Dodged            |    24 |    16 |    29 ||    69

Table legend: (Time is in decaauts)
 A = Elapsed time spent in this place.
 B = Non-inter-level travel time spent in this place.
 C = Inter-level travel time spent in this place.
 D = Time resting spent in this place.
 E = Time spent auto-exploring this place.
 F = Levels seen in this place.
 G = Mean time per level.
                   A        B        C        D        E       F      G
               +--------+--------+--------+--------+--------+-----+--------+
         Total |   8662 |   8302 |    360 |   3290 |   3447 |   7 | 1237.4 |
       Dungeon |   8662 |   8302 |    360 |   3290 |   3447 |   7 | 1237.4 |
               +--------+--------+--------+--------+--------+-----+--------+

Top non-repeatable levels by time:
     D:6: 2011 daAuts
     D:3: 1685 daAuts
     D:1: 1602 daAuts
     D:2: 1095 daAuts
     D:4: 1005 daAuts
     D:5: 991 daAuts
     D:7: 270 daAuts

Table legend:
 A = Kills in this place as a percentage of kills in entire the game.
 B = Kills by you in this place as a percentage of kills by you in the entire game.
 C = Kills by friends in this place as a percentage of kills by friends in the entire game.
 D = Other kills in this place as a percentage of other kills in the entire game.
 E = Experience gained in this place as a percentage of experience gained in the entire game.
 F = Experience gained in this place divided by the number of levels of this place that you have seen.
                   A       B       C       D       E      F
               +-------+-------+-------+-------+-------+----------------------
         Total | 100.0 | 100.0 | 100.0 |   N/A | 100.0 | 362.4
       Dungeon | 100.0 | 100.0 | 100.0 |   N/A | 100.0 | 362.4
               +-------+-------+-------+-------+-------+----------------------
